 Dungeon Sprint DCSS version 0.23.2-11-gf996548c65 (webtiles) character file.

Game seed: 13703636838893958588

6478 wilfster70 the Imperceptible (level 10, 44/44 HPs)
             Began as a Spriggan Enchanter on June 6, 2019.
             Was the Champion of Dithmenos.
             Quit the game in the Dungeon (Sprint I: "Red Sonja").
             The game lasted 00:07:55 (889 turns).

wilfster70 the Imperceptible (Spriggan Enchanter)    Turns: 889, Time: 00:07:55

Health: 44/44      AC:  3    Str:  6    XL:     10   Next: 68%
Magic:  26/26      EV: 18    Int: 17    God:    Dithmenos [******]
Gold:   610        SH:  0    Dex: 20    Spells: 24/32 levels left

rFire    . . .     SeeInvis +   p - +2 demon whip of Oenomania {drain, Str+2} (curse)
rCold    . . .     Gourm    .   (shield restricted)
rNeg     . . .     Faith    .   b - +1 robe
rPois    .         Spirit   .   (helmet restricted)
rElec    .         Reflect  .   (no cloak)
rCorr    .         Harm     .   (gloves unavailable)
MR       +....     NoTele   +   (boots unavailable)
Stlth    ++++++++++             (no amulet)
HPRegen  0.14/turn              (no ring)
MPRegen  0.20/turn              (no ring)

@: wreathed by umbra, very quick
A: very small, unfitting armour, see invisible, herbivore, speed 3, slow
metabolism 2
a: Shadow Step, Shadow Form, Renounce Religion


You were in the Dungeon.
You worshipped Dithmenos.
Dithmenos was exalted by your worship.
You were not hungry.

You visited 1 branch You collected 875 gold pieces.
You spent 265 gold pieces at shops.

Inventory:

Hand Weapons
 a - a +1 dagger
 c - a +9 blowgun
 p - the cursed +2 demon whip of Oenomania (weapon) {drain, Str+2}
   (You found it in the Dungeon)

   A truly terrible weapon, it drains the life of those it strikes.
   It affects your strength (+2).
   It has a curse placed upon it.
Missiles
 i - 7 curare-tipped needles
Armour
 b - a +1 robe (worn)
Scrolls
 j - a scroll of blinking
Potions
 e - 2 potions of curing
 f - a potion of heal wounds
 g - a potion of haste
 h - 2 potions of magic
 o - 2 potions of resistance
Comestibles
 d - 2 rations


   Skills:
 - Level 10.1 Short Blades
 - Level 3.0 Dodging
 * Level 22.6 Stealth
 + Level 11.9 Spellcasting
 * Level 16.0 Hexes
 - Level 4.6 Translocations
 - Level 4.7 Invocations


You had 24 spell levels left.
You knew the following spells:

 Your Spells              Type           Power        Failure   Level  Hunger
a - Corona                Hex            ######.      0%          1    None
b - Ensorcelled Hibernat  Hex/Ice        #####.       1%          2    None
c - Confuse               Hex            ######..     1%          3    None
g - Blink                 Tloc           N/A          1%          2    None

Your spell library contained the following spells:

 Spells                   Type           Power        Failure   Level  Hunger
 Slow                     Hex            ######..     0%          2    None
 Dazzling Spray           Conj/Hex       #####.       1%          3    None
 Tukima's Dance           Hex            ######..     1%          3    None
 Magic Dart               Conj           ##..         7%          1    None
 Call Imp                 Summ           ##......     11%         2    None
 Conjure Flame            Conj/Fire      ##......     22%         3    None
 Mephitic Cloud           Conj/Pois/Air  ##......     22%         3    None


Dungeon Overview and Level Annotations

Branches:
Dungeon (1/1)

Altars:
Cheibriados
Dithmenos
Elyvilon
Fedhas
Gozag
Hepliaklqana
Kikubaaqudgha
Makhleb
Nemelex Xobeh
Okawaru
Qazlal
Ru
Sif Muna
Trog
Uskayaw
Vehumet
Wu Jian
Xom
Yredelemnul
Zin
The Shining One
Jiyva
Lugonu

Shops:
D :*%(([[*%[[%!(([(


Innate Abilities, Weirdness & Mutations

You are very small and have problems with some larger weapons.
You are too small for most types of armour.
You have supernaturally acute eyesight. (SInv)
You are a herbivore.
You cover ground extremely quickly.
You need to consume almost no food.


Message History

There is an open door here.
There is an entrance to Cury Leape's Assorted Antiques here.
k - a scroll labeled RYZULO XIUVIR Thank you for shopping at Cury Leape's Assorted Antiques!
As you read the scroll labeled RYZULO XIUVIR, it crumbles to dust.
A profound silence engulfs you.
It was a scroll of silence.
You start waiting.
Your hearing returns.
There is an open door here.
There is a deep blue altar of Sif Muna here.
There is an open door here.
You enter the shallow water.
Moving in this stuff is going to be slow.
There is an open door, spattered with blood here.
Unknown command.
You have no ailments to cure.
Casting: Confuse (safe; 1% risk of failure)
Confirm with . or Enter, or press ? or * to list all spells.
You can't see any susceptible monsters within range! (Use Z to cast anyway.) Are you sure you want to abandon this character and quit the game? (Confirm with "yes".)

#####################************
)'..#.)'..#__#..'..)#,,*,,,,+,,,,
.#.)'..#..'..'..#...#*+*,****,,,,
###'#####'#__####)..+,,*,*,***,,,
##..#...#.####)§#####,,+,*+*,***+
_####..##[#§§§§)#§.#*+****,,,*,*,
____##'#_.'≈≈§§§@§§#,,,,,*,,,***,
.∩...'..._#§§§§§#§§#,,,,,+,,,,,**
..__##_.#'##'#####§###,,,*,,,,,*,
____###'#(#..(.###.'.#,,,***++**,
#######.####'###.###.#,,***,,***,
.....'...'.....'.∩##.#,,****,,***
++####.).###########.#*+*,,*,,*,*
,,,**##.###.....§§##÷#*,*,,,,,,,,
,,,,*,#+#,#.....§§÷§.#***,,,,,,,,


There were no monsters in sight!

Vanquished Creatures
  2 centaur warriors (D)
  Sonja (D)
  2 unseen horrors (D)
  A deep troll (D)
  An oklob plant (D)
  2 kobold demonologists (D)
  A hornet (D)
  A slime creature (D)
  2 redbacks (D)
  Sigmund (D)
  A yak (D)
  2 floating eyes (D)
  7 necrophages (D)
  An ogre (D)
  8 jellies (D)
  Ijyb (D)
34 creatures vanquished.

Vanquished Creatures (others)
  A gargoyle (D)
1 creature vanquished.

Grand Total: 35 creatures vanquished

Notes
Turn   | Place    | Note
-------+----------+-------------------------------------------
     0 | D        | wilfster70 the Spriggan Enchanter began the quest for the
                  | Orb.
     0 | D        | Reached XP level 1. HP: 9/9 MP: 5/5
     1 | D        | Noticed Ijyb
    14 | D        | Killed Ijyb
    14 | D        | Reached skill level 9 in Stealth
    14 | D        | Reached XP level 2. HP: 13/13 MP: 6/6
    22 | D        | Learned a level 2 spell: Ensorcelled Hibernation
   103 | D        | Noticed an ogre
   106 | D        | Killed an ogre
   106 | D        | Reached skill level 14 in Stealth
   106 | D        | Reached XP level 3. HP: 16/16 MP: 8/8
   106 | D        | Reached XP level 4. HP: 21/21 MP: 9/9
   115 | D        | Noticed Sigmund
   118 | D        | Killed Sigmund
   118 | D        | Reached skill level 17 in Stealth
   118 | D        | Reached XP level 5. HP: 24/24 MP: 10/10
   131 | D        | Found a deep blue altar of Sif Muna.
   132 | D        | Found an ornate altar of the Wu Jian Council.
   133 | D        | Found a radiant altar of Vehumet.
   137 | D        | Reached skill level 18 in Stealth
   137 | D        | Reached XP level 6. HP: 28/28 MP: 11/11
   168 | D        | Found Cury Leape's Assorted Antiques.
   168 | D        | Found an ancient bone altar of Kikubaaqudgha.
   168 | D        | Found a hazy altar of Hepliaklqana.
   168 | D        | Found a stormy altar of Qazlal.
   168 | D        | Found a hide-covered altar of Uskayaw.
   168 | D        | Found a blossoming altar of Fedhas.
   168 | D        | Found a bloodstained altar of Trog.
   168 | D        | Found an iron altar of Okawaru.
   168 | D        | Found a basalt altar of Yredelemnul.
   168 | D        | Found a glowing golden altar of the Shining One.
   168 | D        | Found a snail-covered altar of Cheibriados.
   168 | D        | Found a sacrificial altar of Ru.
   168 | D        | Found a glowing silver altar of Zin.
   168 | D        | Found a shadowy altar of Dithmenos.
   168 | D        | Found a white marble altar of Elyvilon.
   168 | D        | Noticed a yak
   169 | D        | Found an opulent altar of Gozag.
   170 | D        | Killed a yak
   171 | D        | Found a sparkling altar of Nemelex Xobeh.
   179 | D        | Became a worshipper of Dithmenos the Shadowed
   188 | D        | Noticed Sonja
   192 | D        | Killed Sonja
   192 | D        | Reached skill level 5 in Short Blades
   192 | D        | Reached skill level 19 in Stealth
   192 | D        | Reached XP level 7. HP: 32/32 MP: 14/18
   192 | D        | Reached XP level 8. HP: 36/36 MP: 14/19
   209 | D        | Found Aseisepp's Book Boutique.
   217 | D        | Bought a book of Minor Magic for 240 gold pieces
   220 | D        | Learned a level 2 spell: Blink
   234 | D        | Noticed a deep troll
   238 | D        | Killed a deep troll
   238 | D        | Reached skill level 10 in Hexes
   248 | D        | Found Yrollimi's Armour Emporium.
   277 | D        | Found a viscous altar of Jiyva.
   277 | D        | Found a corrupted altar of Lugonu.
   277 | D        | Noticed a slime creature
   278 | D        | Found a burning altar of Makhleb.
   278 | D        | Found a shimmering altar of Xom.
   280 | D        | Killed a slime creature
   280 | D        | Reached * piety under Dithmenos
   293 | D        | Noticed a kobold demonologist
   294 | D        | Noticed a kobold demonologist
   299 | D        | Killed a kobold demonologist
   299 | D        | Reached skill level 20 in Stealth
   299 | D        | Reached XP level 9. HP: 36/39 MP: 19/22
   302 | D        | Killed a kobold demonologist
   302 | D        | Reached ** piety under Dithmenos
   315 | D        | Learned a level 3 spell: Confuse
   339 | D        | Noticed a centaur warrior
   341 | D        | Noticed a centaur warrior
   343 | D        | Killed a centaur warrior
   345 | D        | Killed a centaur warrior
   345 | D        | Reached skill level 10 in Spellcasting
   356 | D        | Reached skill level 21 in Stealth
   367 | D        | Noticed an oklob plant
   369 | D        | Killed an oklob plant
   369 | D        | Reached *** piety under Dithmenos
   369 | D        | Reached XP level 10. HP: 44/44 MP: 25/25
   393 | D        | Reached **** piety under Dithmenos
   400 | D        | Noticed an unseen horror
   401 | D        | Noticed an unseen horror
   405 | D        | Killed an unseen horror
   405 | D        | Reached skill level 10 in Short Blades
   405 | D        | Reached skill level 15 in Hexes
   406 | D        | Killed an unseen horror
   406 | D        | Reached skill level 22 in Stealth
   437 | D        | Reached ***** piety under Dithmenos
   444 | D        | Killed a gargoyle
   586 | D        | Reached ****** piety under Dithmenos
   596 | D        | Got an encrusted demon whip
   597 | D        | Identified the cursed +2 demon whip of Oenomania {drain,
                  | Str+2} (You found it in the Dungeon)
   605 | D        | Found Vydiar's Weapon Shoppe.
   605 | D        | Found Narachor's Food Shop.
   605 | D        | Found Anuth's Weapon Boutique.
   607 | D        | Found Suwyw's Armour Emporium.
   607 | D        | Found Kieczef's Armour Shop.
   607 | D        | Found Zatwuf's Assorted Antiques.
   607 | D        | Found Uguffeub's Food Boutique.
   607 | D        | Found Faemank's Armour Emporium.
   607 | D        | Found Megod's Armour Shop.
   607 | D        | Found Hiluppeh's Food Shoppe.
   609 | D        | Found Myhun's Distillery.
   610 | D        | Found Poxt's Weapon Emporium.
   610 | D        | Found Buhog's Weapon Boutique.
   611 | D        | Found Ycleh's Weapon Emporium.
   855 | D        | Bought a scroll labeled RYZULO XIUVIR for 25 gold pieces
   889 | D        | Quit the game

Skill      XL: |  1  2  3  4  5  6  7  8  9 10 |
---------------+-------------------------------+-----
Stealth        | 9 14 17 18 19 20 21 22 | 22.6
Spellcasting   | 3 6 8 10 11 | 11.9
Hexes          | 4 9 11 14 16 | 16.0
Short Blades   | 5 7 9 10 | 10.1
Invocations    | 3 4 |  4.7
Translocations | 4 |  4.6
Dodging        | |  3.0

Action                   |  1- 3 |  4- 6 |  7- 9 | 10-12 || total
-------------------------+-------+-------+-------+-------++-------
Melee: Dagger            |    11 |     4 |     9 |    24 ||    48
 Cast: Ensorcelled Hiber |       |       |     3 |     4 ||     7
       Confuse           |       |       |       |     2 ||     2
Invok: Shadow Step       |       |       |       |     1 ||     1
  Use: Potion            |     1 |       |       |       ||     1
       Scroll            |       |       |       |     5 ||     5
 Stab: Sleeping          |     1 |     4 |     9 |    17 ||    31
       Confused          |       |       |       |     2 ||     2
Armor: Robe              |       |       |     1 |     1 ||     2
Dodge: Dodged            |     5 |       |     2 |     2 ||     9
